 Dungeon Crawl Stone Soup version 0.27.1 (webtiles) character file.

Game seed: 12071512882944022814

39 Descartes the Sneak (level 3, 0/15 HPs)
             Began as a Felid Transmuter on Aug 30, 2021.
             Succumbed to an adder's poison
             ... on level 2 of the Dungeon.
             The game lasted 00:02:26 (1820 turns).

Descartes the Sneak (Felid Transmuter)              Turns: 1820, Time: 00:02:27

Health: 0/15       AC:  1    Str:  7    XL:     3   Next: 28%
Magic:  7/7        EV: 17    Int: 14    God:
Gold:   56         SH:  0    Dex: 16    Spells: 5/6 levels left
                                        Lives:  0   Deaths: 0

rFire    . . .     SeeInvis +     - Unarmed
rCold    . . .     Faith    .   (shield unavailable)
rNeg     . . .     Spirit   .   (armour unavailable)
rPois    .         Reflect  .   (helmet unavailable)
rElec    .         Harm     .   (cloak unavailable)
rCorr    .         Rampage  .   (gloves unavailable)
Will     .....                  (boots unavailable)
Stlth    +++.......             (no amulet)
HPRegen  0.05/turn              (no ring)
MPRegen  0.10/turn              (no ring)

@: lethally poisoned (0 -> -4), quick
A: very small, claws 1, fangs 3, see invisible, speed 1, shaggy fur 1, stealthy
paws, no weapons or thrown items, no armour, multi-lived
a: no special abilities


You were on level 2 of the Dungeon.
You visited 1 branch of the dungeon, and saw 2 of its levels.

You collected 56 gold pieces.

Inventory:

Missiles
 c - 30 stones
Jewellery
 f - a ring of magical power
Scrolls
 a - a scroll of magic mapping {unknown}
 e - a scroll of fear {unknown}
 g - a scroll of teleportation {unknown}
 h - a scroll of enchant weapon {unknown}
 j - a scroll of vulnerability {unknown}
Potions
 b - a potion of lignification {unknown}
 d - a potion of flight {unknown}
 i - a potion of curing {unknown}


   Skills:
 - Level 1.0 Fighting
 - Level 2.6 Dodging
 + Level 4.4 Stealth
 - Level 3.0 Unarmed Combat
 - Level 2.0 Spellcasting
 - Level 2.1 Transmutations


You had 5 spell levels left.
You knew the following spells:

 Your Spells              Type           Power      Damage    Failure   Level
a - Beastly Appendage     Tmut           14%        N/A       10%         1

Your spell library contained the following spells:

 Spells                   Type           Power      Damage    Failure   Level
 Wereblood                Tmut           7%         N/A       14%         2
 Spider Form              Tmut/Pois      2%         N/A       41%         3
 Ice Form                 Ice/Tmut       4%         N/A       83%         4


Dungeon Overview and Level Annotations

Branches:
Dungeon (2/15)

Altars:

Shops:
D:1 =


Innate Abilities, Weirdness & Mutations

You have sharp claws.
You have razor-sharp teeth.
You have supernaturally acute eyesight. (SInv)
You cover ground quickly. (Speed+)
You are covered in fur. (AC +1)
Your paws help you pounce on unaware monsters.
You are incapable of wielding weapons or throwing items.
You cannot wear armour.
You gain extra lives every three experience levels.


Message History

No target in view!
No target in view!
No target in view!
No target in view!
No target in view!
No target in view!
No target in view!
The bat misses you. The bat barely misses you.
You see here 14 gold pieces.
You barely miss the bat.
The bat is heavily wounded.
The bat closely misses you.
A goblin comes into view. It is wielding a +0 dagger.
The bat misses you.
You completely miss the bat. You bite the bat.
The bat is severely wounded.
The goblin shouts!
The bat barely misses you. The bat hits you but does no damage.
The bat barely misses you.
An adder comes into view.
You completely miss the goblin. The goblin completely misses you.
The adder hisses angrily.
You scratch the bat.
You kill the bat!
You scratch the goblin.
The goblin is moderately wounded.
The goblin hits you with a +0 dagger.
You scratch the goblin. Your bite misses the goblin.
The goblin is heavily wounded.
The goblin misses you.
You scratch the goblin.
You kill the goblin!
The adder bites you.
You are poisoned.
The adder poisons you!
You see here a +0 dagger.
You barely miss the adder.
You feel sick. The adder bites you. x2
* * * LOW HITPOINT WARNING * * *
You die...

#.## ... #.#
#.# #.# #.#
#.# # #.# #
#.# .# #.###.#
.# #.#
.........##.#
#.##
.♣$...##.†...#
#...
♣.♣.....S.@..#
###.
_♣..#.##.....#
#... ♣.♣...
#$.##.# ###.
.♣....##.#..[#
#..
......†......#
#..
.........#####
#.. ..######.#
#.. #.# ####..
#.# #.#.#.


You could see an adder.

Vanquished Creatures
  An adder (D:2)
  4 endoplasms (D:1)
  3 giant cockroaches
  4 goblins
  2 hobgoblins
  2 kobolds
  4 quokkas
  A ball python (D:1)
  2 bats
  A frilled lizard (D:1)
  2 rats
26 creatures vanquished.

Notes
Turn   | Place    | Note
-------+----------+-------------------------------------------
     0 | D:1      | Descartes the Felid Transmuter began the quest for the Orb.
     0 | D:1      | Reached XP level 1. HP: 9/9 MP: 4/4
    84 | D:1      | Reached skill level 1 in Stealth
   200 | D:1      | Reached skill level 2 in Stealth
   407 | D:1      | Reached XP level 2. HP: 5/12 MP: 6/6
   656 | D:1      | Reached skill level 3 in Stealth
   976 | D:1      | Found Ucavoc's Jewellery Shop.
  1759 | D:2      | Reached skill level 4 in Stealth
  1800 | D:2      | Found a faded altar of an unknown god.
  1802 | D:2      | Reached XP level 3. HP: 15/15 MP: 7/7
  1820 | D:2      | Succumbed to an adder's poison

Illustrated notes

Levels and vault maps discovered:
D:1:      nzn_arrival_water_spiral, layout_basic, serial_shops,
          nicolae_shop_stone
D:2:      layout_loops_ring, chequers_ecumenical_altar_simple_redux,
          serial_rivers, chequers_serial_rivers_micro_b,
          chequers_serial_rivers_micro_c, chequers_serial_rivers_large_a,
          chequers_serial_rivers_marsh, chequers_serial_rivers_large_b,
          chequers_serial_rivers_small_a, nrook_mini_backslash

Skill      XL: |  1  2 |
---------------+-------+-----
Stealth        | 2 4 |  4.4
Fighting       | |  1.0
Dodging        | |  2.6
Unarmed Combat | |  3.0
Spellcasting   | |  2.0
Transmutations | |  2.1

Action                   || total
-------------------------++-------
Melee: Unarmed           ||    78
       Bite              ||     8
 Stab: Sleeping          ||     6
Armor: Skin              ||     5
Dodge: Dodged            ||    62
